Map: Oxide LE

Players

ShoWTimE

  • Race: Protoss Protoss
  • Spawn Location: 1:00

Stats - Winner!

  • Race: Protoss Protoss
  • Spawn Location: 7:00

VOD

Have the link to the VOD?

Description

Time

  • Played on: Jan. 15, 2021, 10:43 a.m.
  • Length: 26:12
Show
View Real Time Build Order
Export as new Build Order

ShoWTimE Protoss 

Build Orders: Phoenix Opening, Blink Stalkers 

Get SALT Encoding   

  12  0:00  Probe  
  13  0:12  Probe  
  14  0:18  Pylon  
  14  0:24  Probe (Chrono Boost)  
  15  0:36  Probe (Chrono Boost)  
  15  0:39  Gateway  
  16  0:45  Probe (Chrono Boost)  
  16  0:47  Assimilator  
  17  0:51  Probe  
  18  1:03  Probe (Chrono Boost)  
  19  1:08  Assimilator  
  19  1:09  Pylon  
  19  1:15  Probe (Chrono Boost)  
  20  1:20  Probe (Chrono Boost)  
  21  1:27  Zealot  
  21  1:32  Cybernetics Core  
  23  1:34  Probe  
  24  1:42  Pylon  
  24  1:46  Probe  
  25  1:58  Probe  
  26  2:01  Pylon  
  26  2:08  Cybernetics Core  
  26  2:10  Stalker (Chrono Boost)  
  28  2:16  Probe  
  28  2:21  Warp Gate  
  29  2:28  Probe  
  30  2:34  Stalker  
  32  2:50  Nexus  
  32  2:52  Probe  
  33  3:04  Probe  
  33  3:05  Sentry  
  36  3:08  Twilight Council  
  36  3:16  Pylon, Probe  
  37  3:27  Gateway  
  37  3:28  Probe (Chrono Boost)  
  38  3:34  Shield Battery  
  38  3:36  Sentry  
  38  3:40  Phoenix, Probe (Chrono Boost)  
  41  3:48  Blink (Chrono Boost)  
  42  3:49  Probe (Chrono Boost)  
  42  3:57  Probe (Chrono Boost)  
  42  4:02  Probe (Chrono Boost)  
  45  4:11  Probe (Chrono Boost)  
  45  4:12  Stalker, Probe (Chrono Boost)  
  45  4:15  Phoenix  
  48  4:19  Probe (Chrono Boost)  
  48  4:21  Probe (Chrono Boost)  
  48  4:23  Stalker  
  52  4:28  Probe (Chrono Boost)  
  52  4:29  Forge  
  52  4:31  Probe (Chrono Boost)  
  54  4:33  Probe (Chrono Boost)  
  55  4:40  Probe  
  55  4:44  Protoss Ground Weapons Level 1  
  55  4:45  Probe  
  57  4:46  Pylon  
  57  4:50  Nexus  
  58  4:52  Probe  
  58  4:54  Sentry  
  58  4:57  Probe  
  61  5:06  Probe  
  62  5:09  Probe  
  62  5:11  Gateway  
  62  5:13  Shield Battery  
  62  5:14  Gateway  
  63  5:16  Phoenix, Pylon  
  63  5:18  Probe  
  64  5:21  Probe  
  64  5:24  Stalker  
  67  5:30  Stalker, Probe  
  67  5:34  Probe  
  67  5:35  Assimilator  
  71  5:36  Pylon  
  71  5:41  Gateway  
  71  5:46  Charge (Chrono Boost)  
  71  5:47  Phoenix, Gateway  
  71  5:51  Probe  
  71  5:52  Probe  
  73  5:57  Gateway  
  73  6:00  Gateway  
  73  6:03  Probe  
  74  6:06  Robotics Facility  
  74  6:10  Probe x2  
  76  6:14  Phoenix  
  76  6:16  Probe  
  77  6:19  Pylon  
  77  6:23  Stalker x3  
  83  6:26  Stalker  
  85  6:38  Pylon  
  85  6:42  Probe  
  85  6:43  Phoenix  
  85  6:44  Nexus  
  85  6:45  Protoss Ground Weapons Level 2 (Chrono Boost)  
  86  6:49  Pylon  
  86  6:56  Observer  
  86  6:58  Pylon  
  87  7:01  Zealot x3  
  87  7:02  Zealot x3  
  87  7:04  Zealot  
  87  7:05  Phoenix  
  87  7:06  Zealot  
  103  7:15  Pylon  
  103  7:17  Warp Prism (Chrono Boost)  
  105  7:24  Zealot x5  
  115  7:32  Zealot  
  115  7:33  Zealot x2  
  115  7:35  Pylon  
  121  7:50  Zealot x5  
  131  7:54  Zealot x3  
  137  7:58  Pylon  
  133  8:13  Zealot x5  
  133  8:14  Zealot x3  
  97  8:34  Zealot  
  97  8:35  Zealot x7  
  97  8:37  Probe x2  
  97  8:41  Probe x2  
  97  8:49  Probe  
  97  8:50  Probe  
  97  8:51  Robotics Bay  
  99  8:56  Stalker x6  
  99  8:59  Zealot  
  99  9:01  Zealot  
  103  9:19  Zealot, Protoss Ground Weapons Level 3 (Chrono Boost)  
  103  9:20  Zealot x6  
  103  9:21  Zealot  
  117  9:35  Disruptor (Chrono Boost)  
  113  9:39  Robotics Facility  
  113  9:42  Stalker x5, Zealot  
  128  9:47  Zealot x2  
  132  9:53  Probe x3  
  132  9:54  Pylon, Probe  
  132  10:05  Probe x2  
  137  10:11  Disruptor (Chrono Boost)  
  127  10:16  Stalker x7  
  141  10:23  Assimilator  
  141  10:24  Warp Prism (Chrono Boost), Photon Cannon  
  141  10:25  Photon Cannon  
  143  10:34  Zealot  
  145  10:39  Stalker, Zealot  
  145  10:40  Zealot x3  
  155  10:44  Stalker x2  
  149  10:58  Disruptor (Chrono Boost)  
  149  11:01  Zealot x5  
  132  11:13  Disruptor (Chrono Boost)  
  129  11:19  Stalker  
  129  11:20  Zealot x2  
  129  11:21  Zealot x4  
  129  11:22  Zealot  
  145  11:32  Pylon  
  141  11:38  Gateway, Disruptor (Chrono Boost)  
  144  11:42  Gateway  
  144  11:45  Zealot x6  
  144  11:46  Zealot x2, Photon Cannon  
  160  11:50  Assimilator  
  160  11:59  Pylon  
  160  12:00  Disruptor (Chrono Boost)  
  160  12:01  Nexus  
  157  12:18  Zealot x3  
  157  12:19  Zealot x5  
  173  12:23  Probe x2  
  173  12:25  Photon Cannon  
  173  12:27  Disruptor (Chrono Boost)  
  178  12:35  Disruptor (Chrono Boost)  
  173  12:49  Zealot x8  
  178  12:53  Probe x2  
  178  12:54  Probe x2  
  182  13:00  Disruptor (Chrono Boost)  
  182  13:02  Photon Cannon  
  183  13:11  Protoss Shields Level 1  
  175  13:13  Zealot x2, Dark Shrine  
  175  13:16  Probe x2  
  175  13:17  Probe x2  
  183  13:23  Observer (Chrono Boost)  
  183  13:26  Gravitic Boosters (Chrono Boost)  
  184  13:29  Observer (Chrono Boost)  
  184  13:31  Photon Cannon  
  185  13:34  Shield Battery  
  185  13:35  Pylon, Photon Cannon  
  185  13:41  Probe  
  185  13:42  Assimilator, Probe x3  
  185  13:43  Probe  
  185  13:47  Assimilator  
  188  13:50  Stalker x4  
  188  13:51  Stalker x2  
  194  14:12  Zealot x2, Stargate  
  186  14:18  Photon Cannon  
  186  14:19  Zealot x6  
  186  14:20  Shield Battery  
  186  14:21  Observer  
  197  14:25  Shadow Stride (Chrono Boost)  
  197  14:26  Photon Cannon  
  197  14:31  Pylon, Observer  
  198  14:38  Zealot  
  200  14:55  Observer  
  184  15:07  Zealot x10  
  162  15:11  Photon Cannon  
  162  15:12  Photon Cannon  
  162  15:13  Assimilator  
  176  15:14  Pylon  
  176  15:15  Oracle (Chrono Boost)  
  176  15:17  Assimilator  
  179  15:24  Assimilator  
  179  15:25  Disruptor  
  179  15:26  Photon Cannon  
  179  15:27  Nexus  
  182  15:28  Pylon  
  182  15:32  Dark Templar x7  
  196  15:42  Photon Cannon  
  196  15:45  Photon Cannon  
  192  15:51  Dark Templar x3  
  192  15:52  Archon x2  
  192  15:53  Archon  
  195  16:03  Nexus  
  191  16:15  Protoss Shields Level 2 (Chrono Boost)  
  191  16:17  Zealot x7  
  183  16:29  Pylon  
  183  16:32  Probe  
  184  16:37  Zealot x6  
  184  16:38  Zealot  
  182  16:52  Zealot x3  
  174  16:56  Observer  
  174  17:00  Zealot x4  
  174  17:01  Zealot x2  
  171  17:07  Dark Templar  
  152  17:19  Dark Templar x3  
  146  17:28  Observer  
  144  17:33  Observer  
  144  17:36  Zealot x6  
  154  17:46  Stalker  
  156  17:56  Nexus  
  142  18:01  Disruptor x2 (Chrono Boost)  
  126  18:08  Stalker x7  
  131  18:24  Probe x4  
  135  18:31  Disruptor x2 (Chrono Boost)  
  138  18:36  Stalker x5  
  144  18:53  Dark Templar x3  
  150  18:57  Disruptor x2 (Chrono Boost)  
  148  19:04  Stalker x3  
  140  19:28  Stalker x8  
  140  19:29  Disruptor (Chrono Boost)  
  154  19:32  Disruptor (Chrono Boost)  
  155  19:58  Observer (Chrono Boost)  
  156  20:01  Observer (Chrono Boost)  
  156  20:05  Dark Templar x5  
  165  20:15  Nexus  
  165  20:17  Pylon  
  165  20:20  Zealot x5  
  175  20:25  Disruptor (Chrono Boost)  
  167  20:40  Stalker x2  
  167  20:41  Stalker x2  
  175  20:51  Disruptor (Chrono Boost)  
  175  20:54  Disruptor (Chrono Boost)  
  176  20:59  Stalker x2  
  176  21:20  Disruptor (Chrono Boost)  
  177  21:27  Disruptor (Chrono Boost)  
  177  21:29  Stalker x5  
  173  21:53  Disruptor (Chrono Boost)  
  173  22:02  Oracle (Chrono Boost)  
  173  22:08  Stalker  
  173  22:09  Stalker x3  
  181  22:33  Observer  
  151  22:48  Stalker x6  
  163  22:59  Disruptor (Chrono Boost)  
  166  23:12  Disruptor (Chrono Boost)  
  157  23:27  Disruptor (Chrono Boost)  
  150  23:43  Observer (Chrono Boost)  
  150  23:47  Dark Templar  
  153  23:53  Observer  
  137  24:16  Stalker x2  
  133  24:37  Observer  
  120  24:54  Observer  
  114  25:12  Observer  
  114  25:21  Gateway  
  114  25:23  Gateway  
Show
View Real Time Build Order
Export as new Build Order

Stats Protoss - Winner!

Build Orders: Phoenix Opening, Blink Stalkers 

Get SALT Encoding   

  12  0:00  Probe  
  13  0:12  Probe  
  14  0:18  Pylon  
  14  0:24  Probe  
  15  0:36  Probe (Chrono Boost)  
  16  0:44  Gateway  
  16  0:46  Probe (Chrono Boost)  
  16  0:47  Assimilator  
  17  0:51  Probe (Chrono Boost)  
  18  0:58  Assimilator  
  18  1:03  Probe  
  19  1:10  Pylon  
  19  1:15  Probe  
  20  1:27  Probe  
  20  1:31  Zealot, Cybernetics Core  
  23  1:39  Probe  
  24  1:51  Probe  
  25  1:58  Pylon  
  25  2:03  Probe  
  25  2:05  Stalker (Chrono Boost)  
  25  2:07  Warp Gate  
  28  2:13  Cybernetics Core  
  28  2:15  Probe  
  29  2:26  Stalker (Chrono Boost)  
  31  2:38  Pylon  
  31  2:49  Nexus  
  30  2:53  Probe  
  30  2:56  Sentry  
  33  3:02  Twilight Council  
  33  3:05  Probe  
  34  3:17  Probe  
  34  3:19  Pylon  
  35  3:23  Sentry  
  37  3:29  Phoenix, Probe  
  37  3:30  Gateway  
  38  3:41  Probe (Chrono Boost), Blink  
  39  3:53  Probe (Chrono Boost)  
  40  3:59  Sentry  
  40  4:00  Probe (Chrono Boost)  
  40  4:02  Forge  
  43  4:03  Probe (Chrono Boost)  
  45  4:12  Probe x2 (Chrono Boost)  
  46  4:19  Phoenix  
  46  4:20  Probe (Chrono Boost)  
  46  4:22  Probe (Chrono Boost)  
  48  4:28  Probe (Chrono Boost)  
  48  4:31  Probe (Chrono Boost)  
  50  4:38  Nexus  
  50  4:40  Pylon  
  50  4:41  Probe x2  
  50  4:42  Protoss Ground Weapons Level 1  
  52  4:45  Assimilator  
  52  4:53  Probe x2  
  52  4:58  Gateway  
  54  5:00  Gateway  
  54  5:03  Phoenix  
  54  5:05  Probe x2 (Chrono Boost)  
  56  5:08  Robotics Facility  
  56  5:17  Probe (Chrono Boost)  
  56  5:18  Probe (Chrono Boost)  
  56  5:21  Phoenix  
  58  5:25  Shield Battery  
  58  5:26  Probe x2 (Chrono Boost)  
  60  5:32  Stalker x2, Probe  
  60  5:33  Probe  
  60  5:34  Pylon  
  66  5:37  Pylon  
  66  5:44  Charge  
  66  5:47  Probe (Chrono Boost)  
  66  5:48  Probe (Chrono Boost)  
  68  5:50  Probe (Chrono Boost)  
  70  5:59  Probe (Chrono Boost)  
  70  6:00  Probe (Chrono Boost), Observer (Chrono Boost)  
  70  6:01  Probe (Chrono Boost)  
  73  6:06  Assimilator, Probe  
  73  6:08  Probe  
  73  6:09  Probe  
  73  6:11  Assimilator  
  76  6:18  Probe, Immortal (Chrono Boost)  
  80  6:20  Probe  
  80  6:22  Pylon  
  80  6:24  Stalker  
  80  6:25  Stalker x3  
  90  6:31  Probe x2  
  90  6:32  Probe  
  93  6:36  Robotics Bay  
  93  6:37  Phoenix  
  93  6:39  Robotics Facility  
  93  6:43  Photon Cannon  
  93  6:45  Shield Battery  
  93  6:48  Immortal (Chrono Boost)  
  93  6:50  Probe x3  
  93  6:52  Assimilator  
  100  6:56  Protoss Ground Weapons Level 2  
  100  7:01  Gateway x2  
  100  7:13  Stalker x3, Pylon  
  100  7:14  Pylon  
  106  7:16  Stalker  
  106  7:18  Photon Cannon  
  108  7:23  Shield Battery  
  108  7:30  Disruptor (Chrono Boost)  
  108  7:31  Disruptor (Chrono Boost)  
  108  7:34  Gravitic Boosters  
  108  7:35  Pylon  
  114  7:40  Pylon  
  114  7:43  Pylon  
  114  8:00  Stalker x3  
  114  8:01  Zealot x3  
  114  8:03  Disruptor x2 (Chrono Boost)  
  118  8:26  Stalker x4  
  118  8:27  Stalker x2  
  110  8:36  Disruptor (Chrono Boost)  
  86  8:50  Stalker x3  
  86  8:51  Stalker x3  
  86  8:54  Photon Cannon  
  86  8:55  Photon Cannon  
  98  8:56  Shield Battery  
  98  8:58  Shield Battery, Pylon, Disruptor (Chrono Boost)  
  98  8:59  Probe  
  99  9:16  Stalker x5  
  107  9:20  Gateway  
  107  9:21  Gateway, Disruptor (Chrono Boost)  
  109  9:39  Observer  
  109  9:42  Observer (Chrono Boost)  
  109  9:43  Pylon x2  
  109  9:44  Stalker x3  
  109  9:45  Stalker x2  
  120  9:47  Pylon  
  120  10:01  Observer  
  120  10:04  Nexus  
  120  10:07  Pylon  
  120  10:17  Stalker x6  
  120  10:19  Observer  
  132  10:25  Stalker x2  
  132  10:27  Warp Prism (Chrono Boost)  
  136  10:34  Disruptor (Chrono Boost)  
  140  11:00  Disruptor  
  140  11:03  Disruptor  
  129  11:10  Stalker x8  
  140  11:18  Probe x3  
  140  11:19  Probe  
  140  11:20  Shield Battery  
  143  11:30  Probe x2  
  143  11:31  Probe x2  
  143  11:32  Shield Battery  
  147  11:33  Photon Cannon  
  147  11:37  Photon Cannon, Disruptor (Chrono Boost)  
  147  11:39  Observer (Chrono Boost)  
  151  11:48  Dark Shrine  
  151  11:54  Stalker x5  
  155  12:00  Disruptor (Chrono Boost)  
  161  12:02  Disruptor (Chrono Boost)  
  167  12:11  Pylon  
  167  12:12  Pylon  
  164  12:30  Observer  
  164  12:31  Zealot x8  
  164  12:32  Observer  
  174  12:51  Protoss Ground Weapons Level 3 (Chrono Boost)  
  164  12:52  Zealot x8  
  164  12:56  Assimilator  
  180  12:58  Assimilator  
  180  13:00  Shadow Stride  
  180  13:10  Observer  
  166  13:16  Dark Templar x2  
  166  13:17  Zealot x6, Observer  
  176  13:28  Observer  
  176  13:31  Observer  
  176  13:43  Stalker x3  
  176  13:44  Zealot x3  
  186  14:03  Nexus  
  186  14:04  Pylon  
  186  14:08  Disruptor  
  186  14:09  Disruptor  
  161  14:17  Stalker x4  
  161  14:18  Stalker x3  
  161  14:19  Stalker  
  161  14:22  Forge  
  175  14:37  Shield Battery  
  175  14:38  Photon Cannon  
  175  14:40  Photon Cannon  
  175  14:41  Shield Battery  
  175  14:43  Shield Battery  
  175  14:47  Zealot x2  
  175  14:48  Zealot x5  
  189  14:54  Disruptor (Chrono Boost)  
  190  15:05  Observer, Disruptor (Chrono Boost)  
  184  15:20  Protoss Shields Level 1 (Chrono Boost)  
  184  15:21  Disruptor (Chrono Boost)  
  184  15:25  Protoss Ground Armor Level 1 (Chrono Boost)  
  187  15:30  Observer  
  187  15:37  Zealot x2  
  187  15:38  Zealot x4  
  195  15:58  Observer  
  195  15:59  Observer  
  172  16:23  Stalker x7  
  172  16:24  Zealot  
  184  16:29  Gateway  
  184  16:32  Gateway  
  184  16:35  Gateway  
  184  16:38  Gateway  
  176  16:50  Zealot x8  
  135  17:10  Observer  
  129  17:21  Stalker x6  
  129  17:22  Stalker x2  
  139  17:38  Zealot x4  
  139  17:41  Disruptor  
  139  17:42  Observer  
  141  18:10  Stalker x7  
  141  18:11  Protoss Shields Level 2 (Chrono Boost), Stalker x5, Protoss Ground Armor Level 2 (Chrono Boost)  
  163  18:24  Nexus  
  163  18:25  Pylon  
  163  18:26  Warp Prism, Disruptor  
  167  18:40  Stalker x9  
  167  18:41  Stalker x3  
  171  19:00  Observer  
  151  19:07  Zealot x6  
  151  19:08  Zealot x6  
  173  19:21  Observer x2  
  158  19:32  Stalker x4  
  158  19:33  Stalker x6  
  177  19:39  Sentry, Dark Templar  
  175  19:56  Disruptor x2  
  172  20:27  Stalker x2  
  172  20:28  Stalker x7, Nexus  
  184  20:32  Observer x2  
  185  20:50  Dark Templar x3  
  191  20:57  Templar Archives  
  191  20:58  Dark Templar  
  191  20:59  Observer  
  193  21:06  Observer x2  
  193  21:08  Observer  
  180  21:56  Observer x2  
  182  22:08  High Templar x5  
  190  22:09  Stalker, High Templar  
  190  22:10  Stalker x2  
  200  22:17  Archon x3  
  200  22:26  Pylon, Nexus  
  195  22:47  Stalker x2, Nexus  
  195  22:49  Pylon  
  199  22:56  Observer  
  199  22:57  Observer  
  200  23:08  Observer  
  180  23:21  Observer  
  166  23:44  Stalker x5  
  166  23:45  Stalker x6  
  166  23:46  Stalker  
  190  23:48  Shield Battery  
  190  23:52  Photon Cannon  
  173  24:13  Observer  
  176  24:26  Stalker x5  
  176  24:27  Zealot x7  
  165  24:53  Stalker  
  165  24:54  Stalker  
  165  24:55  Zealot x6  
  173  25:06  Zealot x4  
  179  25:10  Assimilator  
  179  25:11  Assimilator  
  177  25:35  Zealot x5  
  179  25:36  Zealot x6  
Tags
 
Add a new tag
Caveats
  • Supply blocks, unpowered buildings, or Contaminate may cause inaccurate times.
  • Supply counts are checked every 10 seconds.